 Dungeon Crawl Stone Soup version 0.20.1-1-g8b1a95d (webtiles) character file.

205 Kingsmith the Magician (level 5, -4/28 HPs)
             Began as a Deep Elf Air Elementalist on Dec 11, 2017.
             Slain by an ogre
             ... wielding a +0 giant club
              (20 damage)
             ... on level 4 of the Dungeon.
             The game lasted 00:06:39 (2610 turns).

Kingsmith the Magician (Deep Elf Air Elementalist)  Turns: 2610, Time: 00:06:40

Health: -4/28      AC:  3    Str:  6    XL:     5   Next: 52%
Magic:  4/16       EV: 12    Int: 20    God:
Gold:   185        SH:  3    Dex: 15    Spells: 8/18 levels left

rFire    . . .     SeeInvis .   m - +0 spear
rCold    . . .     Gourm    .   o - +0 buckler
rNeg     . . .     Faith    .   a - +0 robe
rPois    .         Spirit   .   g - +0 helmet
rElec    .         Reflect  .   (no cloak)
rCorr    .         Harm     .   (no gloves)
MR       .....     Rnd*Tele +   (no boots)
Stlth    ++........             (no amulet)
Regen    0.1/turn               h - ring of teleportation (curse)
MPRegen  0.2/turn               (no ring)

@: sluggish, very slightly contaminated, very slow
A: no striking features
a: no special abilities


You were on level 4 of the Dungeon.
You were not hungry.

You visited 1 branch of the dungeon, and saw 4 of its levels.

You collected 185 gold pieces.

Inventory:

Hand Weapons
 m - a +0 spear (weapon)
Armour
 a - a +0 robe (worn)
 g - a +0 helmet (worn)
 o - a +0 buckler (worn)
Jewellery
 h - a cursed ring of teleportation (left hand)
Scrolls
 d - 2 scrolls of random uselessness
 e - a scroll of fear {unknown}
 i - a scroll of enchant armour {unknown}
 n - a scroll of blinking {unknown}
 p - a scroll of remove curse {unknown}
 s - a scroll of immolation {unknown}
Potions
 j - a potion of heal wounds
 k - a potion of flight
 l - a potion of curing
 q - a potion of mutation {unknown}
 r - a potion of haste {unknown}
Books
 b - a book of Air

   Spells                             Type                      Level
   a - Shock                          Conjuration/Air              1
   b - Swiftness                      Charms/Air                   2
   c - Static Discharge               Conjuration/Air              3
   d - Airstrike                      Air                          4
   e - Lightning Bolt                 Conjuration/Air              5
Comestibles
 c - a bread ration
 f - 2 meat rations


   Skills:
 - Level 2.4 Dodging
 - Level 2.4 Stealth
 - Level 7.0 Spellcasting
 + Level 3.0 Conjurations
 - Level 3.0 Air Magic


You had 8 spell levels left.
You knew the following spells:

 Your Spells              Type           Power        Failure   Level  Hunger
a - Shock                 Conj/Air       ###.         4%          1    None
b - Swiftness             Chrm/Air       ##......     13%         2    None
c - Static Discharge      Conj/Air       ###.....     14%         3    #......
d - Airstrike             Air            ###.......   41%         4    ###....


Dungeon Overview and Level Annotations

Branches:
Dungeon (4/15)
 Temple: D:4-7

Altars:
Yredelemnul


Message History

You kill the iguana!
Your Conjurations skill increases to level 3!
You start resting.
You are suddenly yanked towards a nearby monster!
Your surroundings suddenly seem different.
Found a fuming silvery potion and a green potion.
Found a stone staircase leading down.
An ogre comes into view. It is wielding a giant club.
Casting: Shock
Confirm with . or Enter, or press ? or * to list all spells.
You miscast Swiftness.
Casting: Swiftness
Confirm with . or Enter, or press ? or * to list all spells.
You feel quick.
The ogre shouts!
You start to feel a little slower.
You feel sluggish. The ogre hits you with a giant club!!
Ouch! That really hurt!
You die...

#..........#
#.......!..# .
..... #..........#
.#.#..#..#
###..........#
..........
.....>.......#
.#.#..#..
#.####.........###
........ #
#.#.........#
...#..# .#
#.O.........#
#..#..# .# #
#@#.........#
......##.##.#
#.#####+#####
##...<....... ...
##.......##.####.##
##(..........# #.#
###..######... ...
..##.#### #.#
........# #.#
####..#.#


You could see an ogre.

Vanquished Creatures
  An iguana (D:4)
  2 worker ants (D:4)
  A hound skeleton (D:3)
  5 adders (D:3)
  2 oozes
  4 worms
  2 dart slugs
  8 bats
  2 giant cockroaches (D:3)
  4 goblins
  5 hobgoblins
  7 kobolds
  5 quokkas
  2 ball pythons
  3 frilled lizards
  2 rats (D:3)
55 creatures vanquished.

Notes
Turn   | Place    | Note
-------+----------+-------------------------------------------
     0 | D:1      | Kingsmith the Deep Elf Air Elementalist began the quest for the Orb.
     0 | D:1      | Reached XP level 1. HP: 10/10 MP: 6/6
   132 | D:1      | Reached skill level 4 in Spellcasting
   132 | D:1      | Reached XP level 2. HP: 11/15 MP: 0/9
   136 | D:1      | Learned a level 2 spell: Swiftness
   743 | D:2      | Reached XP level 3. HP: 19/19 MP: 3/11
   833 | D:2      | Reached skill level 5 in Spellcasting
   838 | D:2      | Learned a level 3 spell: Static Discharge
  1572 | D:3      | Reached XP level 4. HP: 24/24 MP: 7/13
  1578 | D:3      | Learned a level 4 spell: Airstrike
  1595 | D:3      | Reached skill level 6 in Spellcasting
  1822 | D:3      | Found a basalt altar of Yredelemnul.
  2305 | D:3      | Reached skill level 7 in Spellcasting
  2451 | D:4      | Reached XP level 5. HP: 28/28 MP: 10/16
  2591 | D:4      | Noticed an ogre
  2610 | D:4      | Slain by an ogre

Skill      XL: |  1  2  3  4  5 |
---------------+----------------+-----
Spellcasting   | 4 5 7 |  7.0
Conjurations   | 3 |  3.0
Dodging        | |  2.4
Stealth        | |  2.4
Air Magic      | |  3.0

Action                   |  1- 3 |  4- 6 || total
-------------------------+-------+-------++-------
Melee: Unarmed           |     3 |       ||     3
       Spear             |       |    21 ||    21
 Cast: Shock             |    75 |    62 ||   137
       Static Discharge  |     2 |     6 ||     8
       Swiftness         |       |     1 ||     1
  Use: Scroll            |     3 |     1 ||     4
 Stab: Sleeping          |     1 |       ||     1
  Eat: Chunk             |     2 |     3 ||     5
Armor: Robe              |     3 |     7 ||    10
Dodge: Dodged            |    11 |    25 ||    36
Block: Buckler           |       |     5 ||     5
